AoeStats
← Tp 上帝 士官候補生

Arena

509782130Analyzed
3v3 RM · 5d ago on Sep 28, 2026· 62m 24s· 6 players
Game mode
Random Map
Map size
Normal (6 player)
Population
200
Speed
Normal
Resources
Standard
Victory
Conquest
Starting age
Dark Age
Ending age
Imperial Age
RankedLock teamsTeams togetherTeam positionsShared explorationLock speedFull tech treeHidden civsTurbo modeCheats
Victory
Defeat
🇨🇱 Cumans · Chile
1141
+14
🇨🇱 Wu · Chile
1041
+18
🇨🇱 Vikings · Chile
991
+20
🇨🇱 Khmer · Chile
1147
-20
🇨🇱 Celts · Chile
1094
-18
🇨🇱 Franks · Chile
1006
-14
Tp 上帝 士官候補生
9:53 Feudal Age
12:40 Double-Bit Axe
15:22 Castle Age
13:55 Loom
14:22 Horse Collar
17:42 Gold Mining
19:44 Bow Saw
21:39 Fletching
22:52 Stone Mining
25:46 Heavy Plow
31:07 Imperial Age
28:34 Pikeman
29:17 Squires
29:25 Bodkin Arrow
29:31 Scale Mail Armor
30:25 Wheelbarrow
30:44 Gold Shaft Mining
30:17 Crossbowman
31:48 Stone Shaft Mining
32:10 Hand Cart
31:20 Halberdier
33:36 Two-Man Saw
33:28 Elite Fire Archer
34:34 Bracer
34:45 Forging
34:50 Chain Mail Armor
35:09 Conscription
35:47 Sitting Tiger
36:08 Conscription
36:53 Red Cliffs Tactics
38:58 Iron Casting
38:53 Plate Mail Armor
40:14 Arson
45:41 Blast Furnace
48:40 Ballistics
49:21 Chemistry
48:59 Padded Archer Armor
51:34 Treadmill Crane
ponchotazo
10:38 Feudal Age
13:58 Arson
13:34 Man-at-Arms
15:03 Double-Bit Axe
19:23 Castle Age
18:08 Horse Collar
18:20 Gold Mining
20:07 Squires
23:26 Pikeman
25:02 Crossbowman
27:34 Bow Saw
30:08 Heavy Plow
34:42 Imperial Age
32:49 Treadmill Crane
32:37 Long Swordsman
34:06 Loom
35:53 Chieftains
35:59 Two-Handed Swordsman
37:11 Stone Mining
38:13 Champion
39:45 Forging
39:35 Scale Mail Armor
40:22 Conscription
40:39 Crop Rotation
41:17 Two-Man Saw
43:10 Iron Casting
42:50 Chain Mail Armor
43:55 Elite Varangian Guard
45:33 Capped Ram
47:09 Siege Ram
55:29 Blast Furnace
54:59 Plate Mail Armor
54:01 Onager
56:08 Gold Shaft Mining
56:48 Fletching
56:58 Padded Archer Armor
62:00 Masonry
Camilo M87
10:15 Feudal Age
14:51 Horse Collar
20:35 Castle Age
18:56 Double-Bit Axe
20:47 Forging
21:05 Gold Mining
24:48 Wheelbarrow
24:26 Heavy Plow
25:32 Scale Mail Armor
25:35 Pikeman
27:07 Loom
28:54 Hand Cart
28:26 Town Watch
29:30 Scale Barding Armor
29:50 Capped Ram
33:02 Bow Saw
38:08 Imperial Age
36:56 Bloodlines
37:46 Man-at-Arms
39:16 Gold Shaft Mining
38:31 Stone Mining
38:16 Elite Steppe Lancer
38:52 Onager
39:04 Halberdier
42:17 Chain Barding Armor
42:32 Iron Casting
43:24 Chemistry
42:45 Ballistics
43:40 Siege Ram
44:50 Cuman Mercenaries
45:14 Conscription
48:17 Blast Furnace
47:53 Plate Barding Armor
49:31 Masonry
51:19 Siege Onager
52:08 Steppe Husbandry
53:37 Long Swordsman
54:53 Elite Kipchak
56:36 Fletching
56:44 Murder Holes
57:45 Bodkin Arrow
Cisco Beats
5:10 Loom
10:12 Feudal Age
14:17 Castle Age
12:26 Double-Bit Axe
12:41 Horse Collar
23:44 Wheelbarrow
23:06 Town Watch
24:33 Bow Saw
24:36 Heavy Plow
27:20 Scale Barding Armor
27:37 Ballistics
28:30 Hand Cart
30:31 Chain Barding Armor
34:17 Imperial Age
33:51 Fletching
34:40 Forging
34:59 Double Crossbow
35:52 Plate Barding Armor
36:53 Chemistry
36:35 Elite Ballista Elephant
38:38 Bloodlines
38:28 Husbandry
39:53 Conscription
39:03 Light Cavalry
40:22 Iron Casting
39:42 Bodkin Arrow
42:54 Blast Furnace
42:44 Bracer
43:01 Siege Engineers
45:16 Hussar
48:17 Crop Rotation
48:59 Murder Holes
matperez302
11:00 Feudal Age
16:00 Castle Age
26:15 Wheelbarrow
30:48 Imperial Age
30:38 Scale Barding Armor
30:33 Scale Mail Armor
33:11 Chemistry
31:43 Man-at-Arms
31:44 Pikeman
32:59 Forging
32:49 Scale Mail Armor
34:18 Iron Casting
33:43 Scale Mail Armor
34:03 Chain Barding Armor
36:20 Hand Cart
36:24 Cavalier
39:16 Blast Furnace
38:31 Chain Mail Armor
38:36 Chain Barding Armor
40:59 Fortified Wall
42:07 Long Swordsman
44:25 Two-Handed Swordsman
VonPiatre
1:49 Loom
11:00 Feudal Age
15:40 Castle Age
14:30 Double-Bit Axe
14:26 Horse Collar
15:30 Man-at-Arms
16:51 Forging
29:47 Heavy Plow
29:59 Bow Saw
36:06 Imperial Age
33:32 Town Watch
35:20 Stone Mining
37:37 Wheelbarrow
39:26 Scale Mail Armor
40:01 Iron Casting
40:29 Chain Mail Armor
41:19 Hand Cart
41:44 Conscription
41:51 Conscription
45:07 Elite Woad Raider
45:19 Pikeman
45:45 Arson
48:14 Plate Mail Armor
50:22 Blast Furnace
49:21 Halberdier
59:43 Padded Archer Armor
59:34 Fletching
59:07 Elite Skirmisher
Connection lost

Rejoining the realm…

Still unreachable

The connection could not be restored.

Session expired

The server has moved on; the page needs a fresh start.